PAA
WESTWOOD SIXSHOOTERS @ VIRGINIA PALLADIUM SOX
08/24/2040
 
TOP OF THE 1ST
Westwood Sixshooters batting - Pitching for Virginia Palladium Sox : RHP Arlen Chesnutt
Pitching: RHP Arlen Chesnutt
Batting: RHB Edmond Hallewell 0-0: Swinging Strike
0-1: Swinging Strike
0-2: Strikes out swinging
Batting: RHB Christian Rose 0-0: SOLO HOME RUN (Flyball, 78XD, EV 106.9 MPH), Distance : 427 ft
Batting: RHB Illarion Podmarkov 0-0: Ball
1-0: Called Strike
1-1: Ball
2-1: Foul Ball, location: 2F
2-2: Ground out 1-3 (Groundball, 25, EV 84.4 MPH)
Batting: LHB Todd Pritchard 0-0: Called Strike
0-1: Called Strike
0-2: Foul Ball, location: 2F
0-2: Foul Ball, location: 2F
0-2: Ball
1-2: Ball
2-2: Strikes out swinging
Top of the 1st over - 1 run, 1 hit, 0 errors, 0 left on base; Westwood 1 - Virginia 0
BOTTOM OF THE 1ST
Virginia Palladium Sox batting - Pitching for Westwood Sixshooters : RHP Tynan Brown
Pitching: RHP Tynan Brown
Batting: RHB Juan Ocasio 0-0: Ball
1-0: Foul Ball, location: 2F
1-1: Ball
2-1: Swinging Strike
2-2: Strikes out swinging
Batting: SHB Manuel Ortíz 0-0: Ball
1-0: Ground out 4-3 (Groundball, 4, EV 81.2 MPH)
Batting: RHB Seung-hwan Pak 0-0: Swinging Strike
0-1: Foul Ball, location: 2F
0-2: Fly out, F7 (Flyball, 7S, EV 75.0 MPH)
Bottom of the 1st over - 0 runs, 0 hits, 0 errors, 0 left on base; Westwood 1 - Virginia 0
TOP OF THE 2ND
Westwood Sixshooters batting - Pitching for Virginia Palladium Sox : RHP Arlen Chesnutt
Batting: RHB Gerold Kent 0-0: Fly out, F9 (Flyball, 9S, EV 93.8 MPH)
Batting: RHB Louie Kennard 0-0: Called Strike
0-1: DOUBLE (Line Drive, 78D, EV 109.4 MPH)
Batting: RHB Hisashi Koumura 0-0: Ball
1-0: Ground out 1-3 (Groundball, 25, EV 83.8 MPH)
Batting: RHB Slavik Akentiev 0-0: Ball
1-0: TRIPLE (Flyball, 89XD, EV 103.8 MPH)
Louie Kennard scores
Batting: RHB Sterling Massingham 0-0: Ball
1-0: Called Strike
1-1: Foul Ball, location: 2F
1-2: Fly out, F7 (Flyball, 78D, EV 98.8 MPH)
Top of the 2nd over - 1 run, 2 hits, 0 errors, 1 left on base; Westwood 2 - Virginia 0
BOTTOM OF THE 2ND
Virginia Palladium Sox batting - Pitching for Westwood Sixshooters : RHP Tynan Brown
Batting: RHB Ricardo Mireles 0-0: Called Strike
0-1: Ball
1-1: Ball
2-1: Ball
3-1: Base on Balls
Batting: RHB Jesús Amengual 0-0: Ball
1-0: Ball
2-0: SINGLE (Groundball, 34D, EV 103.1 MPH)
Ricardo Mireles to second
Runner from 2nd tries for 3rd, SAFE, no throw by RF
Batting: RHB Tom Matthews 0-0: Foul Ball, location: 2F
0-1: Called Strike
0-2: Strikes out looking
Batting: SHB Jim Dunleavy 0-0: Ball
1-0: Swinging Strike
1-1: Ball
Wild Pitch!
Ricardo Mireles scores
Jesús Amengual to second
2-1: Foul Ball, location: 2F
2-2: Strikes out swinging
Batting: RHB John Ryan 0-0: Called Strike
0-1: Ball
1-1: Ball
2-1: Ground out 4-3 (Groundball, 4, EV 88.1 MPH)
Bottom of the 2nd over - 1 run, 1 hit, 0 errors, 1 left on base; Westwood 2 - Virginia 1
TOP OF THE 3RD
Westwood Sixshooters batting - Pitching for Virginia Palladium Sox : RHP Arlen Chesnutt
Batting: RHB Edmond Hallewell 0-0: Ball
1-0: Ball
2-0: Ball
3-0: Foul Ball, location: 2F
3-1: Foul Ball, location: 2F
3-2: Strikes out swinging
Batting: RHB Christian Rose 0-0: Ground out 5-3 (Groundball, 56, EV 108.8 MPH)
Batting: RHB Illarion Podmarkov 0-0: SINGLE (Groundball, 6MD, EV 100.6 MPH)
Batting: LHB Todd Pritchard 0-0: Called Strike
0-1: Foul Ball, location: 2F
0-2: Ball
1-2: Fly out, F8 (Flyball, 8RM, EV 90.0 MPH)
Top of the 3rd over - 0 runs, 1 hit, 0 errors, 1 left on base; Westwood 2 - Virginia 1
BOTTOM OF THE 3RD
Virginia Palladium Sox batting - Pitching for Westwood Sixshooters : RHP Tynan Brown
Batting: RHB Roberto Díaz 0-0: Ball
1-0: Called Strike
1-1: Ground out 6-3 (Groundball, 6, EV 86.2 MPH)
Batting: RHB Juan Ocasio 0-0: Called Strike
0-1: Foul Ball, location: 2F
0-2: Ground out 1-3 (Groundball, 13S, EV 70.6 MPH)
Batting: SHB Manuel Ortíz 0-0: Fly out, F7 (Flyball, 7LS, EV 83.8 MPH)
Bottom of the 3rd over - 0 runs, 0 hits, 0 errors, 0 left on base; Westwood 2 - Virginia 1
TOP OF THE 4TH
Westwood Sixshooters batting - Pitching for Virginia Palladium Sox : RHP Arlen Chesnutt
Batting: RHB Gerold Kent 0-0: Called Strike
0-1: Ball
1-1: Foul Ball, location: 2F
1-2: Ball
2-2: Ball
3-2: Foul Ball, location: 2F
3-2: Fly out, F8 (Flyball, 8LM, EV 91.9 MPH)
Batting: RHB Louie Kennard 0-0: Ground out 6-3 (Groundball, 6, EV 103.8 MPH)
Batting: RHB Hisashi Koumura 0-0: Called Strike
0-1: Ball
1-1: Ball
2-1: Foul Ball, location: 2F
2-2: SINGLE (Groundball, 56D, EV 103.1 MPH)
Batting: RHB Slavik Akentiev 0-0: Ball
Hisashi Koumura steals 2nd, throwing error, E2
Hisashi Koumura to third
1-0: Foul Ball, location: 2F
1-1: Ball
2-1: Ball
3-1: Swinging Strike
3-2: Base on Balls
Batting: RHB Sterling Massingham 0-0: Ball
Wild Pitch!
Hisashi Koumura scores
Slavik Akentiev to second
1-0: Ball
2-0: Called Strike
2-1: SINGLE (Line Drive, 8RS, EV 100.0 MPH)
Slavik Akentiev to third
Runner from 3rd tries for Home, SAFE, throw by CF to home
Batting: RHB Edmond Hallewell 0-0: Ball
1-0: Called Strike
1-1: Ball
2-1: SINGLE (Line Drive, 8RS, EV 101.2 MPH)
Sterling Massingham to second
Batting: RHB Christian Rose 0-0: Called Strike
0-1: Swinging Strike
0-2: Strikes out swinging
Top of the 4th over - 2 runs, 3 hits, 1 error, 2 left on base; Westwood 4 - Virginia 1
BOTTOM OF THE 4TH
Virginia Palladium Sox batting - Pitching for Westwood Sixshooters : RHP Tynan Brown
Batting: RHB Seung-hwan Pak 0-0: Called Strike
0-1: Ball
1-1: Foul Ball, location: 2F
1-2: Ball
2-2: Strikes out swinging
Batting: RHB Ricardo Mireles 0-0: Ball
1-0: Ball
2-0: Ball
3-0: Called Strike
3-1: Foul Ball, location: 2F
3-2: Fly out, F8 (Flyball, 8RS, EV 87.5 MPH)
Batting: RHB Jesús Amengual 0-0: Ground out 6-3 (Groundball, 6, EV 90.0 MPH)
Bottom of the 4th over - 0 runs, 0 hits, 0 errors, 0 left on base; Westwood 4 - Virginia 1
TOP OF THE 5TH
Westwood Sixshooters batting - Pitching for Virginia Palladium Sox : RHP Arlen Chesnutt
Batting: RHB Illarion Podmarkov 0-0: Foul Ball, location: 2F
0-1: Called Strike
0-2: Fly out, F4 (Popup, 34D, EV 45.0 MPH)
Batting: LHB Todd Pritchard 0-0: Called Strike
0-1: Called Strike
0-2: Ball
1-2: Ball
2-2: Reached on error, E5 (Groundball, 56, EV 101.2 MPH)
Batting: RHB Gerold Kent 0-0: Ball
1-0: Ball
2-0: Foul Ball, location: 2F
2-1: Called Strike
2-2: Ball
3-2: 2-RUN HOME RUN (Flyball, 7D, EV 105.0 MPH) (Inside the Park)
Pitching: LHP Carlos Hernández
Batting: RHB Louie Kennard 0-0: DOUBLE (Line Drive, 7LM, EV 100.6 MPH)
Batting: RHB Hisashi Koumura 0-0: Ball
1-0: Foul Ball, location: 2F
1-1: Foul Ball, location: 2F
1-2: Ball
2-2: Ball
3-2: Foul Ball, location: 2F
3-2: Ground out 1-3 (Groundball, P, EV 83.8 MPH)
Louie Kennard to third
Batting: RHB Slavik Akentiev 0-0: Ground out 6-3 (Groundball, 6, EV 86.9 MPH)
Top of the 5th over - 2 runs, 2 hits, 1 error, 1 left on base; Westwood 6 - Virginia 1
BOTTOM OF THE 5TH
Virginia Palladium Sox batting - Pitching for Westwood Sixshooters : RHP Tynan Brown
Batting: RHB Tom Matthews 0-0: Ball
1-0: Foul Ball, location: 2F
1-1: Foul Ball, location: 2F
1-2: Strikes out swinging
Batting: SHB Jim Dunleavy 0-0: Ball
1-0: Ball
2-0: Reached on error, E6 (Groundball, 6, EV 89.4 MPH)
Batting: RHB John Ryan 0-0: Ball
1-0: Called Strike
Jim Dunleavy steals 2nd, throwing error, E2
Jim Dunleavy to third
1-1: Swinging Strike
1-2: Ball
2-2: Strikes out swinging
Batting: RHB Roberto Díaz 0-0: Fly out, F4 (Popup, 4M, EV 73.8 MPH)
Bottom of the 5th over - 0 runs, 0 hits, 2 errors, 1 left on base; Westwood 6 - Virginia 1
TOP OF THE 6TH
Westwood Sixshooters batting - Pitching for Virginia Palladium Sox : LHP Carlos Hernández
Batting: RHB Sterling Massingham 0-0: Ball
1-0: Ball
2-0: Fly out, F8 (Flyball, 8LD, EV 100.6 MPH)
Batting: RHB Edmond Hallewell 0-0: Fly out, F4 (Flyball, 34D, EV 87.5 MPH)
Batting: RHB Christian Rose 0-0: Ball
1-0: Ball
2-0: Foul Ball, location: 2F
2-1: Swinging Strike
2-2: Foul Ball, location: 2F
2-2: Hit by Pitch
Batting: RHB Illarion Podmarkov 0-0: Fly out, F7 (Line Drive, 7, EV 95.0 MPH)
Top of the 6th over - 0 runs, 0 hits, 0 errors, 1 left on base; Westwood 6 - Virginia 1
BOTTOM OF THE 6TH
Virginia Palladium Sox batting - Pitching for Westwood Sixshooters : RHP Tynan Brown
Batting: RHB Juan Ocasio 0-0: Called Strike
0-1: Called Strike
0-2: Ball
1-2: Foul Ball, location: 2F
1-2: Foul Ball, location: 2F
1-2: Foul Ball, location: 2F
1-2: Ball
2-2: Ball
3-2: SINGLE (Flyball, 7LS, EV 86.9 MPH)
Batting: SHB Manuel Ortíz 0-0: Called Strike
0-1: Reached on error, E9 (Flyball, 8RS, EV 96.2 MPH)
Juan Ocasio to second
Batting: RHB Seung-hwan Pak 0-0: Called Strike
0-1: Ball
Wild Pitch!
Juan Ocasio to third
Manuel Ortíz to second
1-1: Called Strike
1-2: Fly out, F8 (Flyball, 8RM, EV 88.8 MPH)
Runner from 3rd tags up, SCORES, throw by CF
Batting: RHB Ricardo Mireles 0-0: Ball
Wild Pitch!
Manuel Ortíz to third
1-0: Ball
2-0: Called Strike
2-1: Ball
3-1: Base on Balls
Batting: RHB Jesús Amengual 0-0: SINGLE (Groundball, 56D, EV 99.4 MPH)
Manuel Ortíz scores
Ricardo Mireles to second
Batting: RHB Tom Matthews 0-0: Swinging Strike
0-1: Ground out 6-3 (Groundball, 6, EV 108.1 MPH)
Ricardo Mireles to third
Jesús Amengual to second
Batting: SHB Jim Dunleavy 0-0: Ball
1-0: Ball
2-0: Fly out, F8 (Flyball, 78M, EV 95.6 MPH)
Bottom of the 6th over - 2 runs, 2 hits, 1 error, 2 left on base; Westwood 6 - Virginia 3
TOP OF THE 7TH
Westwood Sixshooters batting - Pitching for Virginia Palladium Sox : LHP Carlos Hernández
Batting: LHB Todd Pritchard 0-0: Ball
1-0: Foul Ball, location: 2F
1-1: Ball
2-1: Ball
3-1: DOUBLE (Line Drive, 89D, EV 101.2 MPH)
Batting: RHB Gerold Kent 0-0: Intentional Walk
Batting: RHB Louie Kennard 0-0: Ball
1-0: Sac Bunt to 15S - play at first, batter OUT! 1-4
Todd Pritchard to third
Gerold Kent to second
Batting: RHB Hisashi Koumura 0-0: Ball
1-0: Ball
2-0: Ball
3-0: Base on Balls
Pitching: LHP José Santos
Batting: RHB Slavik Akentiev 0-0: Ball
1-0: Ball
2-0: Ball
3-0: Base on Balls
Todd Pritchard scores
Gerold Kent to third
Hisashi Koumura to second
Batting: RHB Sterling Massingham 0-0: Grounds into fielders choice 1-2 (Groundball, 34S, EV 63.1 MPH)
Hisashi Koumura to third
Slavik Akentiev to second
Batting: RHB Edmond Hallewell 0-0: Called Strike
0-1: Called Strike
0-2: Ball
1-2: Ground out 6-3 (Groundball, 6S, EV 85.6 MPH)
Top of the 7th over - 1 run, 1 hit, 0 errors, 3 left on base; Westwood 7 - Virginia 3
BOTTOM OF THE 7TH
Virginia Palladium Sox batting - Pitching for Westwood Sixshooters : RHP Tynan Brown
Batting: RHB John Ryan 0-0: Ball
1-0: Fly out, F8 (Flyball, 78S, EV 92.5 MPH)
Batting: RHB Roberto Díaz 0-0: Ball
1-0: Swinging Strike
1-1: Swinging Strike
1-2: Ball
2-2: Strikes out swinging, 2-3 out at first.
Batting: RHB Juan Ocasio 0-0: Ball
1-0: Called Strike
1-1: Fly out, F9 (Flyball, 89M, EV 89.4 MPH)
Bottom of the 7th over - 0 runs, 0 hits, 0 errors, 0 left on base; Westwood 7 - Virginia 3
TOP OF THE 8TH
Westwood Sixshooters batting - Pitching for Virginia Palladium Sox : LHP José Santos
Batting: RHB Christian Rose 0-0: Called Strike
0-1: Ball
1-1: Ball
2-1: Swinging Strike
2-2: Strikes out swinging
Batting: RHB Illarion Podmarkov 0-0: Ball
1-0: Foul Ball, location: 2F
1-1: SINGLE (Line Drive, 9S, EV 91.9 MPH)
Batting: LHB Todd Pritchard 0-0: Swinging Strike
0-1: Foul Ball, location: 2F
0-2: Grounds into double play, 4-6-3 (Groundball, 4, EV 104.4 MPH)
Top of the 8th over - 0 runs, 1 hit, 0 errors, 0 left on base; Westwood 7 - Virginia 3
BOTTOM OF THE 8TH
Virginia Palladium Sox batting - Pitching for Westwood Sixshooters : RHP Tynan Brown
Pitching: LHP José Martínez
Batting: SHB Manuel Ortíz 0-0: Fly out, F8 (Flyball, 89M, EV 93.8 MPH)
Batting: RHB Seung-hwan Pak 0-0: Foul Ball, location: 2F
0-1: SINGLE (Line Drive, 56D, EV 96.9 MPH)
Batting: RHB Ricardo Mireles 0-0: Called Strike
0-1: SINGLE (Groundball, 4D, EV 94.4 MPH)
Seung-hwan Pak to second
Runner from 2nd tries for 3rd, SAFE, no throw by CF
Batting: RHB Jesús Amengual 0-0: Ball
1-0: Ground out 3-1 (Groundball, 34, EV 106.2 MPH)
Seung-hwan Pak scores
Ricardo Mireles to second
Batting: RHB Tom Matthews 0-0: Swinging Strike
0-1: Foul Ball, location: 2F
0-2: Foul Ball, location: 2F
0-2: SINGLE (Groundball, 56D, EV 97.5 MPH)
Ricardo Mireles to third
Runner from 3rd tries for Home, SAFE, throw by LF to home
Batting: SHB Jim Dunleavy 0-0: Ball
1-0: Ball
2-0: Ball
3-0: Base on Balls
Tom Matthews to second
Batting: RHB John Ryan 0-0: Ball
1-0: 3-RUN HOME RUN (Flyball, 7D, EV 91.2 MPH), Distance : 358 ft
Pitching: RHP Koswara Setiadji
Batting: RHB Roberto Díaz 0-0: Ball
1-0: Foul Ball, location: 2F
1-1: Ball
2-1: Swinging Strike
2-2: Ball
3-2: Base on Balls
Batting: RHB Juan Ocasio 0-0: Ball
1-0: Ball
2-0: Ball
3-0: Base on Balls
Roberto Díaz to second
Batting: SHB Manuel Ortíz 0-0: Ball
1-0: Foul Ball, location: 2F
1-1: Ball
2-1: Ball
3-1: Foul Ball, location: 2F
3-2: Fly out, F8 (Flyball, 8LXD, EV 101.2 MPH)
Bottom of the 8th over - 5 runs, 4 hits, 0 errors, 2 left on base; Westwood 7 - Virginia 8
TOP OF THE 9TH
Westwood Sixshooters batting - Pitching for Virginia Palladium Sox : LHP José Santos
Pitching: LHP Héctor Cantú
Batting: RHB Gerold Kent 0-0: Ball
1-0: Ground out 6-3 (Groundball, 6, EV 81.2 MPH)
Batting: RHB Louie Kennard 0-0: Fly out, F4 (Popup, 34D, EV 66.2 MPH)
Batting: RHB Hisashi Koumura 0-0: Fly out, F9 (Flyball, 9LM, EV 85.6 MPH)
Top of the 9th over - 0 runs, 0 hits, 0 errors, 0 left on base; Westwood 7 - Virginia 8
Friday, October 2nd, 2020 - OOTP Baseball 20.8 Build 74